 Dungeon Crawl Stone Soup version 0.25-a0-667-gb977e01cb5 (webtiles) character file.

Game seed: 10349668477026725799, levelgen mode: deterministic

7 sanka the Sneak (level 1, -1/8 HPs)
             Began as a Felid Wanderer on Mar 27, 2020.
             Slain by a kobold
             ... wielding a +0 whip
              (7 damage)
             ... on level 1 of the Dungeon.
             The game lasted 00:00:43 (173 turns).

sanka the Sneak (Felid Wanderer)                     Turns: 173, Time: 00:00:44

Health: -1/8       AC:  1    Str:  7    XL:     1   Next: 91%
Magic:  2/2        EV: 20    Int: 10    God:
Gold:   4          SH:  0    Dex: 19    Spells: 0/0 levels left
                                        Lives:  0   Deaths: 0

rFire    . . .     SeeInvis +     - Unarmed
rCold    . . .     Gourm    .   (shield unavailable)
rNeg     . . .     Faith    .   (armour unavailable)
rPois    .         Spirit   .   (helmet unavailable)
rElec    .         Reflect  .   (cloak unavailable)
rCorr    .         Harm     .   (gloves unavailable)
MR       .....                  (boots unavailable)
Stlth    ++++......             (no amulet)
HPRegen  0.02/turn              (no ring)
MPRegen  0.08/turn              (no ring)

@: quick
A: very small, no armour, no weapons or thrown items, stealth, claws 1, fangs 3,
see invisible, carnivore, speed 1, shaggy fur 1, slow metabolism 1, sharp paws
a: no special abilities


You were on level 1 of the Dungeon.
You were very full.

You visited 1 branch of the dungeon, and saw 1 of its levels.

You collected 4 gold pieces.


Innate Abilities, Weirdness & Mutations

You cannot wear armour.
You are incapable of wielding weapons or throwing items.
Your paws allow you to move quietly. (Stealth)
You have sharp claws.
You have razor-sharp teeth.
You have supernaturally acute eyesight. (SInv)
You are carnivorous and can eat meat at any time.
You cover ground quickly.
You are covered in fur. (AC +1)
You have a slow metabolism.
Your sharp claws are effective at attacking unaware monsters.


   Skills:
 + Level 0.5 Fighting
 - Level 4.0 Dodging
 + Level 5.4 Stealth
 * Level 3.2 Unarmed Combat


You couldn't memorise any spells.
You didn't know any spells.
Your spell library was empty.

Inventory:

Scrolls
 a - a scroll of fear
Potions
 b - a potion of berserk rage {!q}
 c - a potion of curing {@q1}
 d - a potion of lignification {!q}
Comestibles
 f - a ration

Dungeon Overview and Level Annotations

Branches:
Dungeon (1/15)

Altars:

▒▒▒▒▒▒▒▒▒▒▒▒
▒▒▒▒▒▒▒..........▒▒▒
....).÷..........'.
▒▒▒▒▒▒▒÷.........▒ ▒
▒..........▒▒▒▒▒ ..
+..........K...▒ ▒▒
▒....((...h....▒
▒...(...........▒
▒.............▒.▒
▒...(.........▒
▒........£....▒
▒.......▒▒▒...▒
▒..▒▒▒▒.▒ ...+ ▒...
▒.▒ ...▒ ▒.▒▒ ▒


You could see a kobold.


Message History

There is an open door here.
You see here a leopard gecko skeleton.
You start resting.
You eat one of the 3 chunks of flesh.
You eat one of the 2 chunks of flesh.
You eat the chunk of flesh.
HP restored.
You see here a frilled lizard skeleton.
A kobold comes into view. It is wielding a +0 whip.
A kobold is nearby!
The kobold shouts!
The kobold throws a stone.
The stone hits you but does no damage.
You see here a stone.
The kobold throws a stone.
The stone hits you but does no damage.
You see here a stone.
The kobold throws a stone.
The stone completely misses you.
The kobold throws a stone.
The stone misses you. The kobold barely misses you.
You closely miss the kobold. The kobold hits you with a +0 whip.
You barely miss the kobold. The kobold closely misses you.
You scratch the kobold but do no damage.
The kobold hits you with a +0 whip!
Ouch! That really hurt!
You die...

Action                   || total
-------------------------++-------
Melee: Unarmed           ||    19
  Eat: Chunk             ||     4
Armor: Skin              ||     2
Dodge: Dodged            ||    16

Levels and vault maps discovered:
D:1:      dpeg_arrival_rhombi, layout_basic

Notes
Turn   | Place    | Note
-------+----------+-------------------------------------------
     0 | D:1      | sanka the Felid Wanderer began the quest for the Orb.
     0 | D:1      | sanka set off with the following items: a scroll of fear, a
                  | potion of berserk rage {!q}, a potion of curing {@q1}, a
                  | potion of lignification {!q}, a ration
     0 | D:1      | Reached XP level 1. HP: 7/7 MP: 2/2
   173 | D:1      | Slain by a kobold

Vanquished Creatures
  A leopard gecko (D:1)
  2 goblins (D:1)
  A ball python (D:1)
  2 frilled lizards (D:1)
  A rat (D:1)
7 creatures vanquished.
